 Dungeon Crawl Stone Soup version 0.26.1-2-gb8aa6d0cf2 (webtiles) character file.

Game seed: 13027740969551770889

63853 Gadfly the Basher (level 14, -1/124 (143) HPs)
             Began as a Troll Berserker on Mar 3, 2021.
             Was a High Priest of Trog.
             Killed from afar by an orc sorcerer (21 damage)
             ... with a bolt of negative energy
             ... on level 2 of the Orcish Mines.
             The game lasted 00:44:37 (23675 turns).

Gadfly the Basher (Troll Berserker)                Turns: 23675, Time: 00:44:55

HP:   -1/124 (143)  AC: 26    Str: 29 (30) XL:     14   Next: 69%
MP:   0/22          EV:  4    Int:  3      God:    Trog [*****.]
Gold: 2113          SH:  0    Dex: 10 (11) Spells: 13/13 levels left

rFire    + . .     SeeInvis .   b - +1 hand axe (elec)
rCold    + . .     Faith    .   (no shield)
rNeg     . . .     Spirit   +   t - -1 gold dragon scales
rPois    +         Reflect  .   F - +2 hat
rElec    .         Harm     .   z - +2 cloak
rCorr    .         Rampage  .   (gloves unavailable)
Will     +....                  (boots unavailable)
Stlth    ..........             v - amulet of guardian spirit
HPRegen  0.70/turn              B - ring of magical power
MPRegen  0.18/turn              (no ring)

@: lethally poisoned (-1 -> -4), heavily drained
A: large, unfitting armour, claws 3, horns 1, deterioration 1, regeneration 1,
shaggy fur 1, tough skin 3
a: Renounce Religion, Berserk, Trog's Hand, Brothers in Arms


You were on level 2 of the Orcish Mines.
You worshipped Trog.
Trog was extremely pleased with you.
You visited 3 branches of the dungeon, and saw 18 of its levels.
You also visited: Volcano.

You collected 3446 gold pieces.
You spent 1333 gold pieces at shops.

Inventory:

Hand Weapons
 a - a +3 flail of protection
 b - a +1 hand axe of electrocution (weapon)
 s - a +5 battleaxe of flaming
 A - a +6 great mace
 D - a +1 great mace of flaming
 E - the +1 great mace of Fragile Peace {elec, rF++ Dex+3}
   (You found it on level 6 of the Lair of Beasts)

   Occasionally, upon striking a foe, it can discharge electrical energy and
   cause terrible harm.
   It affects your dexterity (+3).
   It greatly protects you from fire.
 G - a +5 vorpal giant club
Armour
 t - -1 gold dragon scales (worn)
 z - a +2 cloak (worn)
 F - a +2 hat (worn)
Jewellery
 v - an amulet of guardian spirit (around neck)
 B - a ring of magical power (left claw)
Wands
 m - a wand of iceblast (12)
 o - a wand of random effects (19)
 u - a wand of flame (69) (quivered)
 y - a wand of digging (6)
 I - a wand of acid (4)
 J - a wand of polymorph (9)
Scrolls
 c - 7 scrolls of teleportation
 e - 7 scrolls of remove curse
 q - a scroll of identify
 r - a scroll of enchant weapon
 w - a scroll of magic mapping
 x - a scroll of fog
Potions
 d - 10 potions of curing
 f - 6 potions of flight
 g - a potion of might
 h - a potion of heal wounds
 k - 3 potions of haste
 l - 3 potions of attraction
 n - 2 potions of lignification
 p - a potion of resistance
Miscellaneous
 i - a box of beasts
 C - a phial of floods
 H - a tin of tremorstones (2/2)


   Skills:
 + Level 10.2 Fighting
 * Level 14.0 Maces & Flails
 + Level 10.8 Armour
 - Level 2.4 Dodging
 + Level 9.9 Evocations


You had 13 spell levels left.
You didn't know any spells.
Your spell library was empty.

Dungeon Overview and Level Annotations

Branches:
Dungeon (10/15)            Temple (0/1) D:5            Lair (6/6) D:8
 Shoals (0/4) Lair:4        Snake (0/4) Lair:2        Slime (0/5) Lair:5
    Orc (2/2) D:10            Elf (0/3) Orc:2       Volcano (visited)

Altars:
Ashenzari
Cheibriados
Dithmenos
Elyvilon
Fedhas
Gozag
Hepliaklqana
Kikubaaqudgha
Makhleb
Nemelex Xobeh
Qazlal
Ru
Uskayaw
Vehumet
Zin
The Shining One
Beogh
Jiyva

Shops:
D:5 *   Orc:1 *   Orc:2 :*[

Annotations:
Lair:2 3 runed translucent doors, Pechyafi's ghost, journeyman DDEE


Innate Abilities, Weirdness & Mutations

You are too large for most types of armour.
You have claws for hands.
Your natural rate of healing is unusually fast.
You are covered in fur. (AC +1)
You have extremely tough skin. (AC +3)
You have a pair of small horns on your head.
Your body sometimes deteriorates upon taking damage.


Message History

You feel sick. The ogre mage barely misses you. The orc barely misses you.
The orc hits you but does no damage.
The ogre mage hits you but does no damage.
Something hits you but does no damage.
The orc sorcerer hits you but does no damage.
The orc hits you but does no damage.
The ogre mage gestures at the orc while chanting.
You feel much better.
You feel sick. Something hits you but does no damage.
The orc sorcerer barely misses you.
The ogre mage hits you but does no damage.
The orc hits you but does no damage. Something hits you.
* * * LOW HITPOINT WARNING * * *
The orc hits you but does no damage. The orc barely misses you.
Your iron troll goes berserk!
You feel sick.
The ufetubus hits you but does no damage. x2
The ogre mage hits you but does no damage.
The orc sorcerer gestures at you while chanting.
The bolt of negative energy hits you!!
You feel drained.
You die...

§≈# ###....#.. ≈§##
≈≈≈≈...##.§. ##.#.#..
§§≈# ≈≈≈....+..8###
###....... §###
.....8.#...._#§≈##.......
≈#
.......+.....#.§######...
## ...§≈≈ #.....8.≈# ####
#8.#####..§# #.......# #
##..≈≈≈...≈#####oo{...#
§#.§§....§§#≈§≈.@OT..#
≈###..)).§≈#..o5oo..##
≈≈≈####)..≈#8...≈≈..#
≈§≈≈§§.)..≈#...##§).#
....§.....≈#... #≈..+
...§.[.8..§#∩.. #§..+
..§§§..[..≈#.. §..+
≈≈§≈§≈[...≈#.. ≈§.#
≈§≈####)..≈# §.#


You could see an ogre mage (fast), an orc sorcerer, an orc wizard, 3 orcs, an
ufetubus (summoned) and a friendly iron troll (summoned, berserk).

Vanquished Creatures
  2 entropy weavers (Lair:4)
  The ghost of WaxSun the Arsonist, a journeyman OgFE of Gozag (D:10)
  Harold (D:9)
  Erolcha (Orc:1)
  2 hydras
  A boulder beetle (Lair:6)
  3 catoblepae (Lair:6)
  An ogre mage (Orc:2)
  A queen ant (Lair:4)
  10 death yaks
  Urug (Lair:1)
  Sonja (Lair:3)
  A fire crab (Lair:2)
  Pikel (D:5)
  3 lindwurms
  An oklob plant (Lair:3)
  6 orc sorcerers
  3 orc knights (Orc:1)
  2 manticores (Lair:6)
  Joseph (Lair:1)
  4 molten gargoyles (Volcano)
  Psyche (D:9)
  15 cane toads
  9 black mambas
  Maggie (D:9)
  A torpor snail (Lair:6)
  3 rime drakes
  3 efreet (Volcano)
  8 komodo dragons
  7 trolls
  5 polar bears
  Grinder (D:4)
  17 blink frogs
  A snapping turtle (Lair:4)
  3 dream sheep (Lair:6)
  4 wraiths (D:10)
  2 basilisks
  2 fire elementals (Volcano)
  3 wyverns
  38 yaks
  Edmund (D:6)
  5 nagas (Lair:2)
  21 water moccasins
  21 soldier ants (Lair:4)
  2 sky beasts
  5 ice beasts
  Purgy (D:4)
  13 orc warriors
  4 black bears
  A necrophage (D:10)
  9 ogres
  6 wolves (Lair:1)
  2 phantoms
  2 centaurs
  2 lemures (D:5)
  2 big kobolds (D:9)
  Blork the orc (D:4)
  2 earth elementals (Volcano)
  14 bullfrogs
  A gnoll sergeant (D:9)
  4 scorpions
  6 killer bees
  5 wights (D:8)
  An electric eel (Lair:4)
  5 howler monkeys
  4 hounds
  3 jellies
  3 bullfrog zombies
  A bullfrog skeleton (D:6)
  7 orc priests
  A gnoll shaman (D:6)
  5 iguanas
  Natasha (thrice) (D:4)
  26 worker ants
  25 orc wizards
  A hound skeleton (D:6)
  A worker ant zombie (D:6)
  10 gnolls
  8 adders
  6 shadow imps
  3 white imps
  3 ufetubi
  An adder skeleton (D:8)
  7 worms
  A dart slug (D:4)
  8 leopard geckos
  57 orcs
  3 ball pythons
  5 giant cockroaches
  9 goblins
  13 hobgoblins
  12 jackals
  3 quokkas
  6 bats
  5 frilled lizards
  11 kobolds
  A leopard gecko skeleton (D:5)
  3 quokka skeletons
  A quokka zombie (D:8)
  7 rats
570 creatures vanquished.

Vanquished Creatures (others)
  3 orc wizards (Orc:2)
  An adder (D:9)
  3 fire vortices (Volcano)
  47 fungi
  50 plants
104 creatures vanquished.

Grand Total: 674 creatures vanquished

Notes
Turn   | Place    | Note
-------+----------+-------------------------------------------
     0 | D:1      | Gadfly the Troll Berserker began the quest for the Orb.
     0 | D:1      | Reached XP level 1. HP: 22/22 MP: 0/0
   149 | D:1      | Reached XP level 2. HP: 29/29 MP: 1/1
   535 | D:1      | Reached skill level 1 in Armour
  1104 | D:1      | Reached XP level 3. HP: 36/36 MP: 2/2
  1298 | D:2      | Reached skill level 1 in Evocations
  1368 | D:2      | Reached skill level 3 in Maces & Flails
  1720 | D:2      | Reached ** piety under Trog
  1721 | D:2      | Reached XP level 4. HP: 30/44 MP: 3/3
  2398 | D:3      | Reached XP level 5. HP: 41/52 MP: 4/4
  2493 | D:3      | Found a glowing golden altar of the Shining One.
  2756 | D:3      | You fall into a shaft and drop 3 floors!
  2848 | D:6      | Noticed Edmund
  2866 | D:6      | Killed Edmund
  2866 | D:6      | Reached *** piety under Trog
  2867 | D:6      | Reached XP level 6. HP: 53/61 MP: 5/5
  3066 | D:6      | Got an iridescent short sword
  3067 | D:6      | Identified the +10 short sword of the Heavens {flame,
                  | Str+3} (You found it on level 6 of the Dungeon)
  3109 | D:5      | Entered Level 5 of the Dungeon
  3191 | D:5      | Found a sparkling altar of Nemelex Xobeh.
  3200 | D:5      | Found Vuteuff's Lightly-Used Armoury.
  3325 | D:5      | Reached XP level 7. HP: 67/67 MP: 6/6
  3415 | D:5      | Reached skill level 4 in Maces & Flails
  3536 | D:5      | Noticed Pikel
  3551 | D:5      | Killed Pikel
  3552 | D:5      | Reached XP level 8. HP: 21/78 MP: 7/7
  3791 | D:5      | Found a white marble altar of Elyvilon.
  3838 | D:5      | Reached skill level 5 in Armour
  4240 | D:5      | Found a staircase to the Ecumenical Temple.
  4606 | D:4      | Reached skill level 5 in Maces & Flails
  4744 | D:4      | Reached skill level 5 in Evocations
  4961 | D:3      | Reached **** piety under Trog
  5510 | D:4      | Reached XP level 9. HP: 85/85 MP: 8/8
  5523 | D:4      | Noticed Natasha
  5533 | D:4      | Killed Natasha
  5619 | D:4      | Found a shadowy altar of Dithmenos.
  5619 | D:4      | Noticed Blork the orc
  5620 | D:4      | Found a hazy altar of Hepliaklqana.
  5628 | D:4      | Killed Blork the orc
  5777 | D:4      | Noticed Grinder
  5780 | D:4      | Noticed Natasha
  5788 | D:4      | Killed Natasha
  5795 | D:4      | Killed Grinder
  5797 | D:4      | Found a broken altar of Ashenzari.
  6020 | D:4      | Noticed Purgy
  6037 | D:4      | Killed Purgy
  6146 | D:4      | Noticed Natasha
  6154 | D:4      | Killed Natasha
  6282 | D:6      | Reached skill level 5 in Fighting
  6309 | D:6      | Found a sacrificial altar of Ru.
  6312 | D:6      | Found a glowing silver altar of Zin.
  6361 | D:6      | Got a bloodstained quarterstaff
  6362 | D:6      | Identified the +10 quarterstaff of Pierovil {vorpal, rC+
                  | Dex+4} (You found it on level 6 of the Dungeon)
  6910 | D:6      | Identified a scroll of acquirement
  6910 | D:6      | Acquired 824 gold pieces
  7099 | D:5      | Bought -1 gold dragon scales for 825 gold pieces
  7351 | D:6      | Gained mutation: Your body sometimes deteriorates upon
                  | taking damage. [potion of mutation]
  7351 | D:6      | Gained mutation: You have a pair of small horns on your
                  | head. [potion of mutation]
  7590 | D:7      | Found a burning altar of Makhleb.
  8019 | D:7      | Reached skill level 6 in Maces & Flails
  8612 | D:8      | Reached XP level 10. HP: 96/96 MP: 9/9
  8640 | D:8      | Found a staircase to the Lair.
  8698 | D:8      | Reached ***** piety under Trog
  8878 | D:8      | Found a hide-covered altar of Uskayaw.
  9028 | D:8      | Found a snail-covered altar of Cheibriados.
  9090 | D:9      | Noticed Psyche
  9117 | D:8      | Reached skill level 7 in Maces & Flails
  9375 | D:9      | Killed Psyche
  9679 | D:9      | Noticed Maggie
  9698 | D:9      | Killed Maggie
  9761 | D:9      | Found a stormy altar of Qazlal.
 10030 | D:9      | Reached skill level 8 in Maces & Flails
 10061 | D:9      | Noticed Harold
 10074 | D:9      | Killed Harold
 10162 | D:9      | Found an opulent altar of Gozag.
 10313 | D:9      | Reached XP level 11. HP: 107/107 MP: 10/10
 10460 | D:10     | Entered Level 10 of the Dungeon
 10606 | D:10     | Found a staircase to the Orcish Mines.
 10758 | D:10     | Received a gift from Trog
 11208 | D:10     | Found a runed translucent gate.
 11208 | D:10     | Found a runed translucent gate.
 11208 | D:10     | Found a runed translucent gate.
 11209 | D:10     | Noticed WaxSun's ghost (journeyman OgFE)
 11467 | D:10     | Killed WaxSun's ghost
 11468 | D:10     | Reached skill level 9 in Maces & Flails
 11555 | Lair:1   | Entered Level 1 of the Lair of Beasts
 11832 | Lair:1   | Found a dark tunnel.
 11841 | Volcano  | Entered a volcano
 12002 | Volcano  | Noticed a lindwurm
 12002 | Volcano  | Noticed a lindwurm
 12047 | Volcano  | Killed a lindwurm
 12048 | Volcano  | Killed a lindwurm
 12531 | Volcano  | Reached skill level 10 in Maces & Flails
 12821 | Lair:1   | Noticed Joseph
 12847 | Lair:1   | Killed Joseph
 12848 | Lair:1   | Reached XP level 12. HP: 118/118 MP: 11/11
 12867 | Lair:1   | Noticed Urug
 12892 | Lair:1   | Killed Urug
 13141 | Lair:1   | Found a blossoming altar of Fedhas.
 14070 | Lair:2   | Found a staircase to the Snake Pit.
 14164 | Lair:2   | Noticed a five-headed hydra
 14176 | Lair:2   | Killed a five-headed hydra
 14331 | Lair:2   | Found a runed translucent gate.
 14333 | Lair:2   | Found a runed translucent gate.
 14334 | Lair:2   | Found a runed translucent gate.
 14335 | Lair:2   | Noticed a five-headed hydra
 14335 | Lair:2   | Noticed a minotaur
 14354 | Lair:2   | Noticed Pechyafi's ghost (journeyman DDEE)
 14463 | Lair:2   | Noticed a seven-headed hydra
 14487 | Lair:2   | Reached skill level 11 in Maces & Flails
 14628 | Lair:2   | You fall into a shaft and drop 2 floors!
 14698 | Lair:4   | Noticed a queen ant
 14816 | Lair:4   | Received a gift from Trog
 14818 | Lair:4   | Killed a queen ant
 14936 | Lair:4   | Found a staircase to the Shoals.
 15225 | Lair:3   | Noticed Sonja
 15227 | Lair:3   | Noticed a five-headed hydra
 15246 | Lair:3   | Killed a two-headed hydra
 15504 | Lair:2   | Reached XP level 13. HP: 109/128 MP: 12/12
 16478 | Lair:3   | Reached skill level 12 in Maces & Flails
 16543 | Lair:3   | Killed Sonja
 17668 | Lair:4   | Noticed an entropy weaver
 17675 | Lair:4   | Noticed an entropy weaver
 17685 | Lair:4   | Killed an entropy weaver
 17694 | Lair:4   | Killed an entropy weaver
 17694 | Lair:4   | Reached ****** piety under Trog
 18052 | Lair:5   | You fall into a shaft and drop 1 floor!
 18052 | Lair:6   | Entered Level 6 of the Lair of Beasts
 18235 | Lair:6   | Reached skill level 10 in Armour
 18284 | Lair:6   | Received a gift from Trog
 18551 | Lair:6   | Reached skill level 13 in Maces & Flails
 18860 | Lair:6   | Reached XP level 14. HP: 140/140 MP: 13/13
 19471 | Lair:6   | Got an iridescent great mace
 19472 | Lair:6   | Identified the +1 great mace of Fragile Peace {elec, rF++
                  | Dex+3} (You found it on level 6 of the Lair of Beasts)
 20563 | Lair:5   | Found a staircase to the Slime Pits.
 20564 | Lair:5   | Found a viscous altar of Jiyva.
 21721 | Orc:1    | Entered Level 1 of the Orcish Mines
 21773 | Orc:1    | Noticed Erolcha
 21774 | Orc:1    | Reached skill level 10 in Fighting
 21790 | Orc:1    | Killed Erolcha
 21790 | Orc:1    | Received a gift from Trog
 21993 | Orc:1    | Found a runed translucent door.
 22371 | Orc:1    | Found a roughly hewn altar of Beogh.
 22471 | Orc:2    | Entered Level 2 of the Orcish Mines
 22509 | Orc:2    | Found a roughly hewn altar of Beogh.
 22619 | Orc:2    | Found Demycwag's Assorted Antiques.
 22654 | Orc:2    | Bought a dented jasper amulet for 140 gold pieces
 22654 | Orc:2    | Bought an encrusted iron wand for 112 gold pieces
 22818 | Orc:2    | Found a staircase to the Elven Halls.
 22931 | Orc:2    | Paralysed by an orc sorcerer for 7 turns
 23145 | Orc:1    | Found Urecrisk's General Store.
 23153 | Orc:1    | Bought a wand of acid (4) for 256 gold pieces
 23236 | Orc:1    | Paralysed by an orc sorcerer for 4 turns
 23586 | Orc:2    | Reached skill level 14 in Maces & Flails
 23614 | Orc:2    | Found Lafod's Book Emporium.
 23634 | Orc:2    | Found an ancient bone altar of Kikubaaqudgha.
 23648 | Orc:2    | Paralysed by an orc sorcerer for 3 turns
 23656 | Orc:2    | Paralysed by an orc sorcerer for 7 turns
 23664 | Orc:2    | HP: 1/130 [ynoxinul/iron shot[an orc sorcerer] (28)]
 23666 | Orc:2    | Found a radiant altar of Vehumet.
 23667 | Orc:2    | Paralysed by an ogre mage for 6 turns
 23668 | Orc:2    | Found Ruge's Antique Armour Emporium.
 23675 | Orc:2    | Killed from afar by an orc sorcerer

Illustrated notes

Levels and vault maps discovered:
D:1:      minmay_arrival_semitransparent, layout_basic, hex_medium
D:2:      layout_basic, hangedman_glass_teeth
D:3:      layout_basic, tso_metal_star, kennysheep_generic_room_8
D:4:      layout_basic, riverfiend_overflow_shadow_ancestor, ashenzari_altar_1,
          uniq_grinder, uniq_purgy, uniq_natasha, uniq_blork_the_orc
D:5:      layout_loops_ring, lemuel_crystal_altar, lemuel_round_altar,
          temple_green, minmay_shop_damaged, minmay_tree_intersection,
          uniq_pikel
D:6:      layout_basic, chequers_temple_overflow_statue_of_worship, uniq_edmund
D:7:      layout_loops_cross, lemuel_crystal_altar
D:8:      layout_loops_cross, cheibrodos_worm_habitat,
          lemuel_coloured_pillars_altar, grunt_lair_entry_orc_guard_hut
D:9:      layout_roguey, kennysheep_mini, nicolae_qazlal_general_emergency,
          uniq_maggie, uniq_psyche, uniq_harold
D:10:     layout_long_grid, david_orc_2, gammafunk_ghost_spectres
Lair:1:   layout_layer_cave, lightli_volcano_entry_magma_tube, basic_altar,
          chequers_serial_rivers_small_b, infiniplex_staircase_pool,
          uniq_joseph, uniq_urug
Lair:2:   layout_hall_layers, minmay_snake_entry_guardpost_large,
          maelrawn_ghost_gauntlet_escape, grunt_megastairs_5,
          serial_bayou_shore_a, infiniplex_staircase_pool_2, lemuel_fruit_fields
Lair:3:   layout_chaotic_city, uniq_sonja
Lair:4:   layout_long_grid, minmay_shoals_entry_hut, minivault_29,
          serial_bayou_shore_b
Lair:5:   layout_long_grid, slime_altar_1, lemuel_fruit_tree, grunt_megastairs_4
Lair:6:   evilmike_catoblepas_cave, layout_layer_cave,
          chequers_serial_rivers_micro_b, eino_small_chamber_without_monster,
          cheibrodos_lair_lostbears
Orc:1:    layout_diamond_mine, serial_shops, nicolae_shop_crystal,
          lightli_church_of_beogh, uniq_erolcha
Orc:2:    kennysheep_orc_mage_school, layout_caves, basic_altar, serial_shops,
          nicolae_shop_window_shopping, special_room

Skill      XL: |  1  2  3  4  5  6  7  8  9 10 11 12 13 14 |
---------------+-------------------------------------------+-----
Armour         | 1 2 3 4 5 6 7 8 9 10 | 10.8
Evocations     | 1 2 3 4 5 6 7 8 9 |  9.9
Maces & Flails | 3 4 5 6 8 10 11 13 14 | 14.0
Fighting       | 3 4 5 6 7 8 9 10 | 10.2
Dodging        | |  2.4

Action                   |  1- 3 |  4- 6 |  7- 9 | 10-12 | 13-15 || total
-------------------------+-------+-------+-------+-------+-------++-------
Melee: Mace              |   122 |   133 |       |       |       ||   255
       Flail             |       |    31 |    94 |   460 |   331 ||   916
       Short sword       |       |    10 |    29 |       |       ||    39
       Hand axe          |       |       |   296 |   378 |   589 ||  1263
       Headbutt          |       |       |    30 |   204 |   237 ||   471
       Battleaxe         |       |       |       |     4 |       ||     4
       Great mace        |       |       |       |       |    26 ||    26
Invok: Berserk           |       |     4 |     2 |    15 |     6 ||    27
       Brothers in Arms  |       |       |       |       |     1 ||     1
Evoke: Wand              |       |       |     3 |     9 |    17 ||    29
  Use: Scroll            |     5 |     4 |     9 |     9 |     6 ||    33
       Potion            |       |     1 |     2 |       |     6 ||     9
 Stab: Sleeping          |       |     1 |     1 |       |       ||     2
       Petrified         |       |       |       |       |     3 ||     3
Armor: Animal skin       |    49 |    76 |   103 |       |       ||   228
       Gold dragon scale |       |       |    84 |   826 |   920 ||  1830
       Troll leather arm |       |       |    46 |       |       ||    46
       Skin              |       |       |       |       |    11 ||    11
Dodge: Dodged            |    69 |   105 |   226 |   176 |   250 ||   826
